 Dungeon Crawl Stone Soup version 0.31-a0-744-gbc345e7fcb (webtiles) character file.

Game seed: 2141301134193664034

58 Dittersdorf the Trooper (level 4, -4/29 HPs)
             Began as a Gargoyle Fighter on Sept 13, 2023.
             Slain by a gnoll
             ... wielding a +0 spear
              (7 damage)
             ... on level 2 of the Dungeon.
             The game lasted 00:01:39 (1123 turns).

Dittersdorf the Trooper (Gargoyle Fighter)          Turns: 1123, Time: 00:01:40

Health: -4/29      AC: 10    Str: 22    XL:     4   Next: 1%
Magic:  4/4        EV:  9    Int:  8    God:
Gold:   56         SH:  4    Dex:  9    Spells: 3/3 levels left

rFire   . . .        a - +0 flail
rCold   . . .        c - +0 buckler
rNeg    + . .        b - +0 scale mail
rPois   ∞            (no helmet)
rElec   +            (no cloak)
rCorr   .            (no gloves)
SInv    .            (no boots)
Will    .....        (no amulet) Stlth
                     (no ring)
HPRegen 0.24/turn    (no ring)
MPRegen 0.09/turn

%: no passive effects
@: no status effects
A: sickness immunity, AC +3, negative energy resistance 1, electricity
resistance, torment resistance 1, petrification resistance
a: no special abilities


You were on level 2 of the Dungeon.
You visited 1 branch of the dungeon, and saw 2 of its levels.

You collected 56 gold pieces.

Inventory:

Hand Weapons
 a - a +0 flail (weapon)
Missiles
 g - 13 poisoned darts (quivered)
Armour
 b - a +0 scale mail (worn)
 c - a +0 buckler (worn)
Scrolls
 i - a scroll of fear {unknown}
 k - a scroll of immolation {unknown}
Potions
 d - a potion of might
 e - a potion of magic {unknown}
 f - 2 potions of attraction {unknown}
 h - a potion of enlightenment {unknown}
 j - a potion of heal wounds {unknown}
 l - 2 potions of curing {unknown}


   Skills:
 + Level 3.9 Fighting
 + Level 2.6 Maces & Flails
 + Level 3.8 Armour
 + Level 3.8 Shields


You had 3 spell levels left.
You didn't know any spells.
Your spell library was empty.

Dungeon Overview and Level Annotations

Branches:
Dungeon (2/15)

Altars:

Shops:
D:1 (


Innate Abilities, Weirdness & Mutations

You are immune to sickness and miasma.
Your stone body is resilient. (AC +3)
You are immune to poison.
You resist negative energy. (rN+)
You are resistant to electric shocks. (rElec)
You are resistant to unholy torment.
You are immune to petrification.


Message History

The hobgoblin hits you but does no damage.
The hobgoblin attacks as it pursues you!
You block the hobgoblin's attack.
The hobgoblin attacks as it pursues you!
The hobgoblin hits you but does no damage.
The hobgoblin attacks as it pursues you!
The hobgoblin hits you but does no damage.
The hobgoblin attacks as it pursues you!
The hobgoblin hits you but does no damage.
You thump the hobgoblin!
You kill the hobgoblin!
You have reached level 4!
You feel stronger. The gnoll hits you with a +0 spear.
You sock the gnoll!
The gnoll is almost dead.
The gnoll hits you from afar with a +0 spear!
* * * LOW HITPOINT WARNING * * *
The gnoll hits you with a +0 spear.
* * * LOW HITPOINT WARNING * * *
The gnoll barely misses you.
You hit the gnoll but do no damage.
The gnoll is almost dead.
You block the gnoll's attack.
The gnoll hits you from afar with a +0 spear.
* * * LOW HITPOINT WARNING * * *
The gnoll hits you but does no damage.
You closely miss the gnoll.
The gnoll is almost dead.
The gnoll hits you but does no damage. You block the gnoll's attack.
The gnoll hits you from afar with a +0 spear.
* * * LOW HITPOINT WARNING * * *
The gnoll attacks as it pursues you!
The gnoll hits you from afar with a +0 spear.
* * * LOW HITPOINT WARNING * * *
The gnoll attacks as it pursues you! The gnoll hits you but does no damage.
The gnoll attacks as it pursues you! You block the gnoll's attack.
The gnoll attacks as it pursues you!
The gnoll hits you from afar with a +0 spear!
You die...

.............#
.............#
.........g.g.#
.............#
.............#
.........g...#
.......g.....#
.............#
.......@.....#
.#.##.....####
#....#.#.#
####.#÷#.#
#.#.#.#
#.#.#.# #
#.#.# #.#.#.#
#.##.#.#.#


You could see 4 gnolls.

Vanquished Creatures
  2 adders (D:2)
  A dart slug (D:2)
  4 endoplasms
  A giant cockroach (D:1)
  2 goblins
  3 hobgoblins
  4 kobolds (D:1)
  3 quokkas
  3 ball pythons
  4 bats
  3 frilled lizards
  6 rats
36 creatures vanquished.

Notes
Turn   | Place    | Note
-------+----------+-------------------------------------------
     0 | D:1      | Dittersdorf the Gargoyle Fighter began the quest for the
                  | Orb.
     0 | D:1      | Reached XP level 1. HP: 14/14 MP: 1/1
   180 | D:1      | Reached XP level 2. HP: 19/19 MP: 2/2
   531 | D:1      | Found Lystri's Weapon Shop.
   842 | D:2      | Reached XP level 3. HP: 19/23 MP: 3/3
  1109 | D:2      | Reached XP level 4. HP: 18/29 MP: 4/4
  1113 | D:2      | HP: 1/29 [gnoll/+0 spear (2)]
  1123 | D:2      | Slain by a gnoll

Illustrated notes

Levels and vault maps discovered:
D:1:      shiori_arrival_elements, layout_loops_ring, serial_shops, shop
D:2:      layout_basic

Action                     |  1- 3 |  4- 6 || total
---------------------------+-------+-------++-------
  Melee: Flail             |   151 |     3 ||   154
 Armour: Scale mail        |   174 |    10 ||   184
  Dodge: Dodged            |   117 |     1 ||   118
  Block: Buckler           |    53 |     3 ||    56

Table legend: (Time is in decaauts)
 A = Elapsed time spent in this place.
 B = Non-inter-level travel time spent in this place.
 C = Inter-level travel time spent in this place.
 D = Time resting spent in this place.
 E = Time spent auto-exploring this place.
 F = Levels seen in this place.
 G = Mean time per level.
                   A        B        C        D        E       F      G
               +--------+--------+--------+--------+--------+-----+--------+
         Total |   1171 |   1154 |     17 |      0 |    757 |   2 |  585.5 |
       Dungeon |   1171 |   1154 |     17 |      0 |    757 |   2 |  585.5 |
               +--------+--------+--------+--------+--------+-----+--------+

Top non-repeatable levels by time:
     D:1: 837 daAuts
     D:2: 333 daAuts
